 Dungeon Crawl Stone Soup version 0.17.0-15-g6d90897 (webtiles) character file.

31 oplop the Sneak (level 3, 0/16 HPs)
             Began as a Spriggan Enchanter on Nov 10, 2015.
             Killed from afar by a hobgoblin (5 damage)
             ... with a wand of magic darts
             ... on level 3 of the Dungeon.
             The game lasted 00:02:52 (1462 turns).

oplop the Sneak (Spriggan Enchanter)                Turns: 1462, Time: 00:02:52

Health: 0/16       AC:  3    Str:  4    XL:     3   Next: 7%
Magic:  8/8        EV: 18    Int: 17    God:
Gold:   43         SH:  5    Dex: 16    Spells: 2 memorised, 5 levels left

rFire  . . .     SeeInvis +     a - +1 dagger
rCold  . . .     Clarity  .     b - +1 robe
rNeg   . . .     SustAt   .     h - +0 buckler
rPois  .         Gourm    .     (helmet restricted)
rElec  .         Spirit   .     (no cloak)
rCorr  .         Warding  .     (gloves unavailable)
rMut   .         Stasis   .     (boots unavailable)
MR     .....                    (no amulet)
Stlth  +++.......               (no ring)
                                (no ring)

@: very quick, not resistant to hostile enchantments, fairly stealthy
A: unfitting armour, see invisible, herbivore 3, speed 3, slow metabolism 2
a: no special abilities


You were on level 3 of the Dungeon.
You were not hungry.

You visited 1 branch of the dungeon, and saw 3 of its levels.

You collected 43 gold pieces.

Inventory:

Hand Weapons
 a - a +1 dagger (weapon)
Armour
 b - a +1 robe (worn)
 h - a +0 buckler (worn)
Scrolls
 e - 2 scrolls of identify {unknown}
 f - a scroll of immolation {unknown}
 i - 2 scrolls of enchant armour {unknown}
 l - a scroll of fog {unknown}
 m - a scroll of blinking {unknown}
 o - a scroll of recharging {unknown}
Potions
 g - a potion of agility {unknown}
 j - a potion of ambrosia {unknown}
 k - a potion of might {unknown}
 n - 2 potions of mutation {unknown}
 p - a potion of poison {unknown}
Books
 c - a book of Maledictions

   Spells                             Type                      Level
   a - Corona                         Hexes                        1
   b - Ensorcelled Hibernation        Hexes/Ice                    2
   c - Confuse                        Hexes                        3
   d - Tukima's Dance                 Hexes                        3
   e - Dazzling Spray                 Conjuration/Hexes            3
Comestibles
 d - a bread ration


   Skills:
 - Level 1.1 Short Blades
 + Level 3.5 Dodging
 + Level 5.2 Stealth
 + Level 0.2 Shields
 + Level 3.0 Spellcasting
 + Level 4.0 Hexes


You had 5 spell levels left.
You knew the following spells:

 Your Spells              Type           Power        Failure   Level  Hunger
a - Corona                Hex            ###....      8%          1    None
b - Ensorcelled Hibernat  Hex/Ice        #.....       21%         2    ##.....


Dungeon Overview and Level Annotations

Branches:
Dungeon (3/15)

Altars:
Vehumet


Innate Abilities, Weirdness & Mutations

You are tiny and cannot use many weapons and most armour.
You have supernaturally acute eyesight.
You are a herbivore.
You cover ground extremely quickly.
You need consume almost no food.


Message History

The hobgoblin moves out of view.
Found a pair of gloves.
Found a stone staircase leading down.
The hobgoblin shouts!
Found a club.
A rat and a goblin come into view.
You barely miss the hobgoblin. The hobgoblin misses you.
You completely miss the hobgoblin.
The hobgoblin zaps a wand.
The magic dart hits you!
It is a wand of magic darts.
The hobgoblin hits you.
You hit the hobgoblin.
The hobgoblin is moderately wounded.
A rat comes into view.
You hit the hobgoblin.
The hobgoblin is heavily wounded.
You block the hobgoblin's attack.
You barely miss the hobgoblin.
The hobgoblin is heavily wounded.
The hobgoblin closely misses you.
The hobgoblin zaps a wand.
The magic dart hits you!
The hobgoblin zaps a wand.
The magic dart hits you!
You die...

......
#......
.......
...#...##
...[...>#
.#._.#..#
.r....g.####
#r..g.@.#
.......###.#
)...<.. #.#
.#..... #.#
#..... #.#
....... #.#
#.########.#
#. #...#
#####.###


You could see 2 hobgoblins and a rat.

Vanquished Creatures
  2 ball pythons
  A bat (D:1)
  10 goblins
  5 hobgoblins
  3 kobolds (D:2)
  A quokka (D:2)
  6 giant newts
  3 rats
31 creatures vanquished.

Notes
Turn   | Place    | Note
--------------------------------------------------------------
     0 | D:1      | oplop the Spriggan Enchanter began the quest for the Orb.
     0 | D:1      | Reached XP level 1. HP: 9/9 MP: 5/5
   290 | D:1      | Reached XP level 2. HP: 13/13 MP: 6/6
   569 | D:1      | Learned a level 2 spell: Ensorcelled Hibernation
   881 | D:2      | Reached skill level 5 in Stealth
  1331 | D:2      | Reached XP level 3. HP: 16/16 MP: 8/8
  1452 | D:3      | Found a radiant altar of Vehumet.
  1462 | D:3      | Killed from afar by a hobgoblin

Action                   || total
-------------------------++-------
Melee: Dagger            ||    98
 Cast: Ensorcelled Hiber ||     5
       Corona            ||     2
 Stab: Sleeping          ||    12
